 Dungeon Crawl Stone Soup version 0.30.1-11-g7821555f0a (webtiles) character file.

Game seed: 5830697287749790295

74 Buffagor the Slasher (level 4, 0/42 HPs)
             Began as a Naga Fighter on Dec 1, 2023.
             Slain by a goblin
             ... wielding a +0 dagger
             ... led by Robin
              (3 damage)
             ... on level 2 of the Dungeon.
             The game lasted 00:03:20 (1133 turns).

Buffagor the Slasher (Naga Fighter)                 Turns: 1133, Time: 00:03:20

Health: 0/42       AC:  4    Str: 18    XL:     4   Next: 28%
Magic:  4/4        EV:  7    Int:  9    God:
Gold:   24         SH:  4    Dex: 12    Spells: 3/3 levels left

rFire   . . .        a - +0 long sword
rCold   . . .        c - +0 buckler
rNeg    . . .        b - +0 scale mail
rPois   +            (no helmet)
rElec   .            (no cloak)
rCorr   .            (no gloves)
SInv    +            (no barding)
Will    .....        (no amulet) Stlth
                     j - ring of flight
HPRegen 0.27/turn    (no ring)
MPRegen 0.09/turn

%: no passive effects
@: mighty, brilliant, flying, very slow
A: AC +1, large, see invisible, deformed body, poison resistance, slowness 2,
spit poison 1, naga tail 1
a: Spit Poison


You were on level 2 of the Dungeon.
You visited 1 branch of the dungeon, and saw 2 of its levels.

You collected 24 gold pieces.

Inventory:

Hand Weapons
 a - a +0 long sword (weapon)
Missiles
 f - 20 stones
 l - 6 javelins
Armour
 b - a +0 scale mail (worn)
 c - a +0 buckler (worn)
 i - a +0 helmet
Jewellery
 g - a ring of fire
 j - a ring of flight (left hand)
Scrolls
 h - a scroll of identify {unknown}
 k - a scroll of blinking {unknown}
 m - a scroll of amnesia {unknown}


   Skills:
 - Level 3.0 Fighting
 + Level 4.4 Long Blades
 - Level 2.4 Armour
 - Level 2.6 Shields


You had 3 spell levels left.
You didn't know any spells.
Your spell library was empty.

Dungeon Overview and Level Annotations

Branches:
Dungeon (2/15)

Altars:


Innate Abilities, Weirdness & Mutations

Your serpentine skin is tough. (AC +1)
You have supernaturally acute eyesight. (SInv)
Armour fits poorly on your strangely shaped body.
Your system is resistant to poisons. (rPois)
You cover ground very slowly.
You can spit poison.
You have a snake-like lower body.


Message History

The hobgoblin hits you but does no damage.
Unknown command.
Unknown command.
It was a potion of curing.
You feel better. The goblin hits you with a +0 dagger.
* * * LOW HITPOINT WARNING * * *
The goblin hits you but does no damage. The goblin hits you with a +0 dagger.
* * * LOW HITPOINT WARNING * * *
The goblin barely misses you. You block the hobgoblin's attack.
You feel better. The goblin hits you with a +0 dagger.
* * * LOW HITPOINT WARNING * * *
You block the goblin's attack. The goblin hits you but does no damage.
The hobgoblin hits you.
* * * LOW HITPOINT WARNING * * *
The goblin closely misses you.
It was a potion of brilliance.
You feel clever all of a sudden. The goblin completely misses you.
The goblin hits you but does no damage. The goblin barely misses you.
The goblin hits you but does no damage. The hobgoblin hits you.
* * * LOW HITPOINT WARNING * * *
You barely miss the hobgoblin. You block the goblin's attack. x2
The goblin hits you but does no damage. The goblin completely misses you.
The hobgoblin hits you.
* * * LOW HITPOINT WARNING * * *
You closely miss the hobgoblin. The goblin closely misses you.
The goblin hits you but does no damage. You block the goblin's attack.
The goblin hits you but does no damage. The hobgoblin closely misses you.
You barely miss the hobgoblin. The hobgoblin closely misses you.
The goblin hits you but does no damage. You block the goblin's attack.
The goblin hits you with a +0 dagger.
* * * LOW HITPOINT WARNING * * *
The goblin hits you with a +0 dagger.
* * * LOW HITPOINT WARNING * * *
You closely miss the hobgoblin. You block the hobgoblin's attack.
The goblin hits you but does no damage. The goblin barely misses you.
The goblin hits you with a +0 dagger.
* * * LOW HITPOINT WARNING * * *
The goblin hits you with a +0 dagger.
You die...

. .. # ..# ## ..
########## #. ..
#........# #.##.
#........# #.gg
#......... #gg#
..####... #.##g@#
#..... #.).gg# #.##..
#####)###########.##..
#.^............##.####
#........#####'##.#
#........# #...#.#
#........# #...'.#
#........# #...###
#........# #...#


You could see 2 hobgoblins and 5 goblins.

Vanquished Creatures
  Robin (D:2)
  A gnoll (D:1)
  3 dart slugs
  2 ball pythons (D:1)
  4 endoplasms
  3 giant cockroaches (D:1)
  6 goblins
  7 hobgoblins
  3 jackals (D:2)
  5 kobolds
  2 quokkas (D:1)
  A frilled lizard (D:1)
  3 rats (D:1)
41 creatures vanquished.

Notes
Turn   | Place    | Note
-------+----------+-------------------------------------------
     0 | D:1      | Buffagor the Naga Fighter began the quest for the Orb.
     0 | D:1      | Reached XP level 1. HP: 21/21 MP: 1/1
   115 | D:1      | Reached XP level 2. HP: 23/28 MP: 2/2
   142 | D:1      | Reached skill level 3 in Long Blades
   287 | D:1      | Reached XP level 3. HP: 23/34 MP: 3/3
   950 | D:2      | Reached skill level 4 in Long Blades
  1105 | D:2      | Noticed Robin
  1114 | D:2      | Reached XP level 4. HP: 30/42 MP: 4/4
  1123 | D:2      | Killed Robin
  1126 | D:2      | HP: 2/42 [goblin/+0 dagger[Robin] (3)]
  1133 | D:2      | Slain by a goblin

Illustrated notes

Levels and vault maps discovered:
D:1:      dpeg_arrival_lava_temple_mockup, layout_loops_ring, minmay_hexomino_p4
D:2:      layout_basic, minmay_misc_feat_nine_boxes, uniq_robin

Skill      XL: |  1  2  3 |
---------------+----------+-----
Long Blades    | 3 4 |  4.4
Fighting       | |  3.0
Armour         | |  2.4
Shields        | |  2.6

Action                     |  1- 3 |  4- 6 || total
---------------------------+-------+-------++-------
  Melee: Long sword        |    83 |    17 ||   100
Ability: Spit Poison       |    20 |       ||    20
    Use: Potion            |     1 |     3 ||     4
 Armour: Scale mail        |    36 |    31 ||    67
  Dodge: Dodged            |    33 |    26 ||    59
  Block: Buckler           |    24 |    20 ||    44
